Map: Oceanborn LE

Players

SubN

  • Race: Zerg Zerg
  • League: Diamond
  • Spawn Location: 11:00

Sisyphus - Winner!

  • Race: Zerg Zerg
  • League: Diamond
  • Spawn Location: 5:00

VOD

Have the link to the VOD?

Description

Time

  • Played on: Dec. 24, 2023, 7:14 p.m.
  • Length: 3:21
Show
View Real Time Build Order
Export as new Build Order

SubN Zerg 

Build Orders: Pool First 

Get SALT Encoding   

  12  0:00  Drone  
  13  0:12  Overlord  
  13  0:16  Drone  
  14  0:30  Drone x2  
  14  0:34  Drone  
  17  0:36  Extractor  
  16  0:45  Drone  
  17  0:51  Spawning Pool  
  17  0:55  Drone  
  17  1:08  Drone  
  18  1:21  Hatchery  
  18  1:24  Drone  
  18  1:28  Drone  
  19  1:39  Queen  
  21  1:46  Overlord  
  21  1:52  Metabolic Boost  
  21  1:56  Zergling x2  
  22  2:05  Zergling x2  
  23  2:11  Zergling x2  
  24  2:21  Drone  
  25  2:28  Queen  
  27  2:54  Drone x7  
Show
View Real Time Build Order
Export as new Build Order

Sisyphus Zerg - Winner!

Build Orders: Hatch First 

Get SALT Encoding   

  12  0:02  Drone  
  13  0:08  Drone  
  14  0:23  Drone, Extractor  
  15  0:43  Extractor  
  15  0:45  Hatchery  
  15  0:47  Drone  
  14  0:52  Extractor  
  14  0:53  Drone  
  15  1:05  Spawning Pool  
  14  1:13  Overlord  
  14  1:26  Overlord  
  14  1:45  Drone x2  
  16  1:53  Metabolic Boost  
  16  1:54  Queen  
  16  1:59  Zergling x2  
  20  2:01  Drone  
  20  2:12  Queen  
  22  2:16  Drone  
  23  2:29  Drone  
  25  2:30  Drone x3  
  27  2:37  Zergling x4  
  29  2:49  Spine Crawler  
  28  2:54  Zergling x8  
Tags
 
Add a new tag
Caveats
  • Supply blocks, unpowered buildings, or Contaminate may cause inaccurate times.
  • Supply counts are checked every 10 seconds.